 Dungeon Crawl Stone Soup version 0.23-a0-143-g1adec7b (webtiles) character file.

56 iamserjio the Caller (level 3, -2/24 HPs)
             Began as an Octopode Summoner on Sept 2, 2018.
             Slain by a goblin
             ... wielding a +1 dagger of electrocution
             ... led by Robin
              (3 damage)
             ... on level 2 of the Dungeon.
             The game lasted 00:04:01 (2410 turns).

iamserjio the Caller (Octopode Summoner)            Turns: 2410, Time: 00:04:02

Health: -2/24      AC:  1    Str:  7    XL:     3   Next: 95%
Magic:  3/6        EV: 13    Int: 18    God:
Gold:   63         SH:  0    Dex: 12    Spells: 2/6 levels left

rFire    . . .     SeeInvis .     - Unarmed
rCold    . . .     Gourm    .   (no shield)
rNeg     . . .     Faith    .   (helmet restricted)
rPois    .         Spirit   .   (no amulet)
rElec    .         Reflect  .   (no ring)
rCorr    .         Harm     .   (no ring)
MR       .....                  (no ring)
Stlth    +++.......             (no ring)
HPRegen  0.08/turn              (no ring)
MPRegen  0.10/turn              (no ring)
                                (no ring)
                                (no ring)

@: no status effects
A: almost no armour, stealthy swim, amphibious, 8 rings, constrict 8, camouflage
1, gelatinous body 1
a: no special abilities


You were on level 2 of the Dungeon.
You were not hungry.

You visited 1 branch of the dungeon, and saw 2 of its levels.

You collected 63 gold pieces.

Inventory:

Missiles
 d - 43 arrows
Jewellery
 f - an uncursed amulet of the acrobat {unknown}
 h - an uncursed ring of protection from magic {unknown}
Scrolls
 i - a scroll of identify {unknown}
Potions
 a - a potion of invisibility
 c - a potion of lignification {unknown}
 e - a potion of agility {unknown}
 g - a potion of brilliance {unknown}
Comestibles
 b - 2 rations


   Skills:
 + Level 1.7 Fighting
 - Level 2.0 Dodging
 - Level 2.6 Stealth
 * Level 2.7 Unarmed Combat
 - Level 2.0 Spellcasting
 - Level 4.0 Summonings


You had 2 spell levels left.
You knew the following spells:

 Your Spells              Type           Power        Failure   Level  Hunger
a - Summon Small Mammal   Summ           ###.         3%          1    #......
b - Call Canine Familiar  Summ           ###.....     11%         3    ###....

Your spell library contained the following spells:

 Spells                   Type           Power        Failure   Level  Hunger
 Call Imp                 Summ           ###.....     5%          2    ###....
 Summon Guardian Golem    Hex/Summ       #.......     24%         3    ###....
 Summon Ice Beast         Ice/Summ       #.......     61%         4    #####..
 Summon Lightning Spire   Summ/Air       #.......     61%         4    #####..


Dungeon Overview and Level Annotations

Branches:
Dungeon (2/15)

Altars:

Annotations:
D:2 Robin, Terence


Innate Abilities, Weirdness & Mutations

You cannot wear most types of armour.
You are very stealthy in the water. (Stealth+)
You are amphibious.
You can wear up to eight rings at the same time.
You can use your tentacles to constrict eight enemies at once.
Your skin changes colour to match your surroundings (Stealth+).
Your rubbery body absorbs attacks. (AC +1, EV +1)


Message History

You constrict the hobgoblin, but do no damage.
The hobgoblin hits you with a club.
You tentacle-slap the hobgoblin.
The hobgoblin is almost dead.
You constrict the hobgoblin.
You kill the hobgoblin! 3 goblins and Robin come into view.
A goblin is wielding a dagger of electrocution.
Items here: )) †† a club; a dagger; a hobgoblin corpse; a goblin corpse A rat comes into view.
Robin throws the goblin at your hound!
The goblin hits you with a dagger of electrocution.
You are electrocuted!
Ouch! That really hurt!
* * * LOW HITPOINT WARNING * * *
Your hound bites the goblin.
You swap places.
Your hound bites the goblin.
The goblin hits you with a dagger of electrocution.
You die...

#.### #.#
#r...# #.#
#.# #.# #.#
#.# #.# #.#
#######.# #.#
... ........#
#g# #.#
#######†# #g#
.# #.# #g#
######.###h#
........).@g#
#######.#####
...# #####


You could see Robin, 3 goblins and a friendly hound.

Vanquished Creatures
  An adder (D:2)
  An ooze (D:1)
  A worm (D:2)
  2 dart slugs
  A ball python (D:2)
  4 giant cockroaches (D:1)
  8 goblins
  3 hobgoblins (D:2)
  2 jackals (D:1)
  5 bats
  A frilled lizard (D:1)
  4 kobolds
  3 rats
36 creatures vanquished.

Vanquished Creatures (collateral kills)
  A goblin (D:2)
  A hobgoblin (D:1)
2 creatures vanquished.

Grand Total: 38 creatures vanquished

Notes
Turn   | Place    | Note
-------+----------+-------------------------------------------
     0 | D:1      | iamserjio the Octopode Summoner began the quest for the
                  | Orb.
     0 | D:1      | Reached XP level 1. HP: 11/11 MP: 3/3
   268 | D:1      | Reached skill level 1 in Unarmed Combat
   272 | D:1      | Reached XP level 2. HP: 12/18 MP: 5/5
   574 | D:1      | Reached skill level 1 in Fighting
  1151 | D:1      | Reached XP level 3. HP: 21/23 MP: 6/6
  1339 | D:2      | Noticed Terence
  1351 | D:2      | Learned a level 3 spell: Call Canine Familiar
  2408 | D:2      | Noticed Robin
  2409 | D:2      | HP: 1/24 [goblin/dagger of electrocution[Robin] (19)]
  2410 | D:2      | Slain by a goblin

Vault maps used:
D:1:      lightli_arrival_chessboard, serial_bayou_lagoon_a
D:2:      nicolae_overflow_hidden_temple, uniq_terence, uniq_robin

Skill      XL: |  1  2 |
---------------+-------+-----
Unarmed Combat | 1 2 |  2.7
Fighting       | 1 |  1.7
Dodging        | |  2.0
Stealth        | |  2.6
Spellcasting   | |  2.0
Summonings     | |  4.0

Action                   || total
-------------------------++-------
Melee: Unarmed           ||   113
       Constrict         ||    24
       Tentacles         ||    14
       Punch             ||     2
 Cast: Summon Small Mamm ||     2
       Call Canine Famil ||     4
  Use: Potion            ||     1
 Stab: Sleeping          ||     8
  Eat: Chunk             ||     2
       Ration            ||     1
Armor: Skin              ||    12
Dodge: Dodged            ||    70

Table legend:
 A = Non-vault XP
 B = Vault XP
 C = Vault XP percentage of total XP
 D = Non-vault monster count
 E = Vault monster count
 F = Vault count percentage of total count
                 A         B        C        D         E       F
            +---------+---------+-------+---------+---------+-------
      Total |      74 |       6 |   7.5 |      35 |       3 |   7.9
            +---------+---------+-------+---------+---------+-------
        D:1 |      43 |       0 |   0.0 |      23 |       0 |   0.0
        D:2 |      31 |       6 |  16.2 |      12 |       3 |  20.0
            +---------+---------+-------+---------+---------+-------
